[Event "Arona Festival 2024"]
[Site "Arona Tenerife"]
[Date "2024.06.27"]
[Round "7.8"]
[White "Bilguun, Sumiya"]
[Black "Baenziger, Fabian"]
[Result "1/2-1/2"]
[ECO "C07"]
[WhiteElo "2466"]
[BlackElo "2410"]
[Annotator "TA"]
[PlyCount "51"]
[EventDate "2024.06.20"]
[EventType "swiss"]
[EventCountry "ESP"]
[SourceTitle "playchess.com"]
[Source "ChessBase"]
[SourceQuality "1"]
[TimeControl "5400+30"]

1. e4 e6 2. d4 d5 3. Nd2 c5 4. Ngf3 cxd4 5. exd5 Qxd5 6. Bc4 Qd7 7. O-O {[%emt 0:00:18][%mdl 1024] White has compensation.} Nc6 8. Nb3 a6 {[%emt 0:00:26] The position is equal.} 9. Qe2 Nf6 (9... b5 $5 10. Bd3 $8 Nf6 $11) 10. a4 Bd6 11. Rd1 O-O 12. Nbxd4 e5 13. Nxc6 Qxc6 14. Bg5 {[%emt 0:00:25][%cal Og5f6] next Bxf6! is good for White.} Bc7 15. Bxf6 Qxf6 16. Bd5 g6 17. Ra3 Kg7 18. Re3 Re8 19. c4 Qe7 20. h4 Rb8 21. Re1 Bg4 22. Qd2 {[%emt 0:01:20] [#] Nxe5 would now be deadly.} f6 23. Nh2 Bd7 24. b3 (24. h5 $15) 24... Bd6 25. Rd1 {[%emt 0:01:48] Bf3 is the strong threat.} Bb4 {[%emt 0:01:47] This pair of bishops is nice.} (25... Bc5 $17 26. Rg3 Rbd8) 26. Qb2 {[%emt 0:01:47] Weighted Error Value: White=0.08 (flawless) /Black=0.04 (flawless) .  Mistake:       	White=1     	Black=1      Inaccurate:     	White=2     	---        OK:         	White=8     	Black=10     Best:        	White=1     	---} 1/2-1/2

[Event "Arona Festival 2024"]
[Site "Arona Tenerife"]
[Date "2024.06.27"]
[Round "7.9"]
[White "Kuegel, Tobias"]
[Black "Albornoz Cabrera, Carlos Daniel"]
[Result "1/2-1/2"]
[ECO "B55"]
[WhiteElo "2416"]
[BlackElo "2614"]
[Annotator "TA"]
[PlyCount "144"]
[EventDate "2024.06.20"]
[EventType "swiss"]
[EventCountry "ESP"]
[SourceTitle "playchess.com"]
[Source "ChessBase"]
[SourceQuality "1"]
[TimeControl "5400+30"]

1. e4 c5 2. Nf3 d6 3. d4 cxd4 4. Nxd4 Nf6 5. f3 e5 6. Nb3 Be7 7. c4 a5 $1 {[%emt 0:00:15] The main line 7...a5 scores better than 7...0-0.} 8. Nc3 {[%emt 0:04:05] B55: Sicilian: 2...d6 3 d4 cxd4 4 Nxd4 Nf6 5 f3.} O-O 9. Be3 Nc6 10. Be2 Nh5 11. Qd2 $146 ({Predecessor:} 11. Nd5 a4 12. Nd2 Nf4 13. O-O Bg5 14. Bb6 Qd7 15. Nb1 Nxd5 16. cxd5 Nd4 17. Bxd4 exd4 18. Qxd4 {0-1 Sattarov,B (2351)-Sjugirov,S (2695) Chessable Masters Play In rapid 2024 (8)}) 11... Nf4 12. O-O a4 13. Nc1 Bg5 14. Nb5 Be6 15. Rd1 Nxe2+ 16. Nxe2 Bxc4 17. Nec3 (17. Bxg5 $5 Qb6+ $8 18. Be3 Qxb5 19. Nc3 $11) 17... Bxe3+ 18. Qxe3 Bxb5 19. Nxb5 Qa5 20. Nxd6 Nd4 21. Nf5 Nxf5 22. exf5 Rfd8 23. h3 f6 24. Rac1 h6 25. Kh2 Qb4 26. b3 Rxd1 27. Rxd1 Rc8 28. bxa4 Qxa4 29. Rb1 Qd7 30. Qb3+ Kh7 31. Qe6 Qc7 32. Qb6 Qc2 33. Qxb7 Qxf5 34. Qb4 Rd8 35. Re1 Rd4 36. Qb1 Qxb1 37. Rxb1 Ra4 38. Rb2 h5 39. g3 h4 40. gxh4 Rxh4 41. Kg3 Ra4 42. Re2 Kg6 43. Rb2 Ra3 44. Re2 Kh5 45. Rb2 g5 46. Re2 Ra5 47. Kg2 Ra4 48. Kg3 Ra3 49. Kg2 Kg6 50. Kg3 Kf5 51. Re4 Ke6 52. Re2 f5 53. Kg2 {[%emt 0:00:16] [#]} e4 (53... Kd5 $1 $15 {feels stronger.}) 54. fxe4 $11 f4 55. Rb2 Ke5 56. Rb3 Rxa2+ 57. Kf3 Rh2 58. Rb5+ Kf6 59. Rb6+ Kf7 60. Rh6 Kg7 61. Rh5 Kg6 62. Rh8 Rh1 63. Rg8+ Kh6 64. Kg2 Ra1 65. h4 Ra2+ 66. Kf3 Ra3+ 67. Kf2 gxh4 68. Rg4 Ra2+ 69. Kf3 h3 70. Rh4+ Kg5 71. Rxh3 Ra8 72. Rh7 Ra3+ 1/2-1/2

[Event "Arona Festival 2024"]
[Site "Arona Tenerife"]
[Date "2024.06.28"]
[Round "8.1"]
[White "David, Alberto"]
[Black "Xue, Haowen"]
[Result "1/2-1/2"]
[ECO "B30"]
[WhiteElo "2502"]
[BlackElo "2452"]
[Annotator "TA"]
[PlyCount "51"]
[EventDate "2024.06.20"]
[EventType "swiss"]
[EventCountry "ESP"]
[SourceTitle "playchess.com"]
[Source "ChessBase"]
[SourceQuality "1"]
[TimeControl "5400+30"]

1. e4 c5 2. Nf3 Nc6 3. Bb5 Nf6 4. Bxc6 dxc6 5. d3 Bg4 6. h3 Bh5 7. Nc3 Nd7 8. g4 Bg6 9. e5 e6 10. Qe2 Qc7 11. a3 h5 {[%emt 0:17:51] [#] aiming for ...hxg4.} 12. Rg1 hxg4 13. hxg4 O-O-O 14. Bd2 (14. Bg5 $14) 14... Be7 $11 15. O-O-O Rh3 16. Kb1 Nb6 17. Rh1 Rdh8 18. Rxh3 Rxh3 19. Bg5 {[%emt 0:08:54] [#]} ({White should try} 19. Bc1 $11) 19... c4 $1 $15 20. Ne4 (20. dxc4 $2 {is the wrong capture.} Rxf3 21. Qxf3 (21. Bxe7 $2 Rxc3 22. bxc3 Qxe7 $19) 21... Bxg5 $19) (20. Bxe7 cxd3) 20... cxd3 21. cxd3 Kb8 (21... Nd5 $15 22. Bxe7 Qxe7) 22. Bxe7 $11 {The position is equal.} Qxe7 23. Nfg5 {[%emt 0:02:57] Excellent horsemanship.} Rh8 24. f4 Rd8 25. Qf3 {[%emt 0:03:43] Strongly threatening f5.} f6 26. exf6 {[%emt 0:01:42] Weighted Error Value: White=0.11 (very precise) /Black=0.08 (flawless) .  Mistake:       	White=2     	Black=1      Inaccurate:     	---       	Black=2      OK:         	White=11    	Black=10     Best:        	White=1     	---        Brilliant:      	---       	Black=1} 1/2-1/2

[Event "Arona Festival 2024"]
[Site "Arona Tenerife"]
[Date "2024.06.28"]
[Round "8.2"]
[White "Zhao, Yuanhe"]
[Black "Gorshtein, Ido"]
[Result "1/2-1/2"]
[ECO "A38"]
[WhiteElo "2463"]
[BlackElo "2563"]
[Annotator "TA"]
[PlyCount "60"]
[EventDate "2024.06.20"]
[EventType "swiss"]
[EventCountry "ESP"]
[SourceTitle "playchess.com"]
[Source "ChessBase"]
[SourceQuality "1"]
[TimeControl "5400+30"]

1. c4 c5 2. Nf3 Nc6 3. Nc3 Nf6 4. g3 g6 5. Bg2 Bg7 6. O-O O-O 7. d3 d6 8. a3 a6 9. Rb1 Rb8 10. b4 cxb4 11. axb4 b5 12. cxb5 axb5 13. Be3 Bd7 14. Nd4 Ng4 {[%emt 0:10:43] [#] Threatens to win with ...Nxe3.} 15. Nxc6 Nxe3 16. fxe3 Bxc6 17. Bxc6 Bxc3 18. d4 {[%emt 0:08:55] [#] Hoping for Rb3.} Qb6 19. Bg2 {[%emt 0:00:43] Strongly threatening Qd3.} e5 20. Qd3 Rbc8 21. Rf6 Kg7 (21... exd4 22. Bd5 Kg7 (22... dxe3 23. Rxd6 Qa7 24. Qxb5 $14) 23. Rbf1 $15) 22. Rbf1 Qd8 (22... Bxb4 $2 {too greedy.} 23. Qb3 (23. Bd5 Rc7 $14) 23... Bd2 (23... Rc4 $2 24. Bd5 $18) 24. Rxf7+ Rxf7 25. Rxf7+ Kh6 26. Qd3 $18) 23. R6f2 ({White should try} 23. Qxb5 $14 exd4 24. Bd5 Qxf6 25. Rxf6 Kxf6 26. Qd3) 23... Rc7 {[%emt 0:07:06] The position is equal.} 24. Kh1 Bxb4 25. Qxb5 Bc3 26. Qd5 Qe7 27. g4 Rd7 28. Qc4 Rc7 29. Qd5 Rd7 30. Qc4 Rc7 {[%emt 0:00:02] Weighted Error Value: White=0.09 (flawless) /Black=0.09 (flawless) .  Mistake:       	White=1     	---        Inaccurate:     	White=1     	Black=2      OK:         	White=6     	Black=6} 1/2-1/2

[Event "Arona Festival 2024"]
[Site "Arona Tenerife"]
[Date "2024.06.28"]
[Round "8.3"]
[White "Pichot, Alan"]
[Black "Royal, Shreyas"]
[Result "0-1"]
[ECO "C55"]
[WhiteElo "2640"]
[BlackElo "2483"]
[Annotator "TA"]
[PlyCount "78"]
[EventDate "2024.06.20"]
[EventType "swiss"]
[EventCountry "ESP"]
[SourceTitle "playchess.com"]
[Source "ChessBase"]
[SourceQuality "1"]
[TimeControl "5400+30"]

1. e4 e5 2. Nf3 Nc6 3. Bc4 Nf6 4. d3 h6 5. O-O d6 6. c3 g5 {[%emt 0:00:18] C55: Two Knights: 4 d3, 4 d4 exd4 5 e5 and Max Lange Attack.} 7. Nbd2 Bg7 8. Bb3 a5 $1 {[%emt 0:00:37][%mdl 4] is currently scoring better than 8...0-0.} 9. Nc4 O-O 10. Ne3 Be6 11. h4 g4 12. Nh2 h5 13. f4 $146 (13. Re1 {simplifies} d5 14. f3 dxe4 15. dxe4 Qxd1 16. Bxd1 a4 17. Bc2) ({Predecessor:} 13. Re1 d5 14. Qc2 d4 15. Nf5 Bxf5 16. exf5 Qd7 17. Nf1 Qxf5 18. Ng3 Qd7 19. Bg5 {1-0 De la Colina,N (2198)-Mrithyunjay,M (1754) Titled Tuesday intern op 06th Jun Early blitz 2023 (5)}) 13... Nd7 (13... Ne7 $1 $11) 14. f5 (14. fxe5 $16 a4 15. Bc2 (15. Bxa4 Bxe5 16. Nf5 Bxf5 $16)) 14... Bxb3 $14 15. Qxb3 (15. axb3 $14 f6 (15... Qxh4 $2 16. f6 $18) 16. Re1) 15... Ne7 $11 16. f6 (16. Qxb7 {simplifies} a4 17. Qb4 Qb8 18. Qxb8 Rfxb8 19. Rb1) 16... Nxf6 17. Nf5 $1 Nxf5 (17... d5 $11) 18. Rxf5 $16 Qd7 19. Bg5 Nh7 {[%emt 0:07:08] [#]} 20. Be3 (20. Nf1 $142 $1) 20... d5 $16 21. Raf1 (21. Rxh5 dxe4 22. dxe4 (22. Qxb7 $2 g3 $19) 22... g3 $14) (21. Qxb7 $2 Nf6 22. Qb3 dxe4 23. dxe4 Qd3 $19 (23... Nxe4 24. Rxh5 g3 25. Nf1 $17)) (21. Nf1 $16) 21... dxe4 22. dxe4 (22. Qxb7 Qxd3 (22... exd3 23. Rxf7 Rab8 24. Rxf8+ Rxf8 25. Rxf8+ Bxf8 26. Nf1 $17) 23. Re1 Rab8 24. Qxc7 Rxb2 $17) 22... Qc6 23. Rxh5 (23. Rxf7 $11 {remains equal.} Kh8 24. Rxf8+ Bxf8 25. Qf7 Qxe4 26. Re1 (26. Bf2 Qf4 $11)) 23... Qxe4 $17 24. Bc5 g3 $1 25. Nf3 a4 26. Qd1 Rfd8 27. Nd2 (27. Qe1 $17 Qxe1 28. Rxe1) 27... Qg6 28. Rhf5 Qh6 29. Rxf7 (29. Qf3 {was called for.} Qxh4 (29... Qxd2 $2 30. Rxf7 Rd7 31. Be7 $19) (29... Rxd2 $2 30. Be3 $19) 30. Rh5) 29... Nf6 $19 (29... Qxd2 $2 30. Qg4 Qh6 31. R7f3 $17) 30. Rxg7+ Kxg7 31. Be7 Rxd2 32. Bxf6+ Kh7 33. Qe1 Rf8 (33... Rxb2 34. Qe4+ (34. Qxe5 Rf8 $16) 34... Qg6 35. Rf5 $18) 34. Qxe5 Rd6 (34... Rxb2 35. Qxc7+ Kg8 36. Qxg3+ Kh7 37. Qc7+ Kg8 38. Qc4+ Kh7 39. Qe4+ (39. Qc7+ Kg8 $16) 39... Qg6 40. Rf5 $18 (40. Qf3 Rxf6 41. h5 Qc2 42. Qg3 Rxf1+ 43. Kh2 Qf5 44. c4 Qxh5+ 45. Qh3 Rh1+ 46. Kxh1 Qxh3+ 47. gxh3 Rxa2 48. c5 a3 49. c6 Rc2 50. cxb7 a2 51. b8=Q a1=Q+) (40. Qf3 $2 Rxf6 41. h5 Qc2 $19)) 35. Qe7+ Kg8 36. Bd4 Rxf1+ 37. Kxf1 Qg6 38. Qe5 (38. Qg5 $142) 38... Re6 $19 39. Qg5 Kh7 0-1

[Event "Arona Festival 2024"]
[Site "Arona Tenerife"]
[Date "2024.06.28"]
[Round "8.4"]
[White "Omelja, Artem"]
[Black "Kazakouski, Valery"]
[Result "0-1"]
[ECO "A46"]
[WhiteElo "2435"]
[BlackElo "2603"]
[Annotator "TA"]
[PlyCount "104"]
[EventDate "2024.06.20"]
[EventType "swiss"]
[EventCountry "ESP"]
[SourceTitle "playchess.com"]
[Source "ChessBase"]
[SourceQuality "1"]
[TimeControl "5400+30"]

1. d4 Nf6 2. Nf3 e6 3. e3 c5 4. Bd3 Nc6 5. O-O Be7 6. b3 O-O 7. Bb2 cxd4 8. exd4 Nd5 9. Re1 Nf4 10. Bf1 b6 {[%emt 0:01:30] White is slightly better.} 11. g3 Ng6 12. Bg2 Bb7 13. Nbd2 (13. d5 $16 exd5 14. Qxd5) 13... d5 $11 14. Nf1 b5 15. Ne3 b4 16. h4 Re8 17. h5 Nf8 18. Ng4 (18. a3 $11) 18... f6 (18... h6 $15) 19. h6 {[%emt 0:09:58] hxg7 is the strong threat.} g6 20. a3 a5 21. c3 bxc3 22. Bxc3 Qb6 23. Qd2 Nd8 24. b4 a4 {[%emt 0:00:21] [#]} (24... axb4 $14 25. Bxb4 Nd7 26. Bxe7 Rxe7) 25. b5 $1 $16 Nd7 {[%emt 0:03:55][%cal Od8f7] [#]} (25... Nf7 26. Bb4) 26. Bb4 $1 Bxb4 ({Better is} 26... Nf7 $1 $14) 27. Qxb4 $18 (27. axb4 $6 Qxb5 28. Rec1 Rf8 $14) 27... Nf7 28. Rac1 Kh8 29. Bf1 e5 (29... Kg8 $142 30. Rc3 f5) 30. dxe5 fxe5 31. Bg2 Re6 (31... d4 $142 32. Qc4 Nd6) 32. Rc2 Rae8 33. Rce2 (33. Qxa4 Nc5 34. Rxc5 (34. Qb4 Nd3 $11) 34... Qxc5 $11) (33. Rec1 $142) 33... Kg8 34. Qxa4 Nc5 35. Qd1 Ne4 36. Qb3 {[%emt 0:00:26] Against Nc3} (36. Re3 $16) 36... Nxg3 $14 37. Rxe5 Nxe5 38. Nfxe5 (38. Rxe5 $14 Ne2+ 39. Kf1) 38... Nh5 $2 (38... Qa5 $11 {and Black is okay.} 39. Re3 Nf5 40. Bxd5 Bxd5 41. Qxd5 Nxe3 42. Nf6+ Kf8 43. Qc5+ (43. fxe3 $2 Qe1+ 44. Kh2 Qe2+ 45. Qg2 Qxg2+ 46. Kxg2 Rxe5 $19) (43. Nxh7+ Kg8 $11) 43... R8e7 44. Qc8+ Re8 45. Nxh7+ (45. Qc5+ R8e7 $11) 45... Kg8 46. Nf6+ Kf8 47. Qc5+ R8e7 (47... R6e7 48. Nfd7+ Kg8 49. Nf6+ Kf8 50. Nh7+ Kg8 51. Nf6+ Kf8 $11) 48. Qc8+ (48. Nxg6+ $2 Kf7 $19) 48... Re8 49. Nh7+ (49. Qc5+ R8e7 $11) 49... Kg8 50. Nf6+ Kf8) 39. Bxd5 $18 Bxd5 40. Qxd5 Qd6 {[%emt 0:01:56] Dodges Nd7} 41. Qc4 Kf8 42. Qc3 Qd5 {[%emt 0:02:08][%cal Of8g8] [#]} 43. b6 $1 {[%emt 0:04:00][%mdl 512] Strongly threatening Re3.} Kg8 (43... Rxb6 $2 44. Nd7+ Kf7 45. Nge5+ (45. Nxb6 Rxe1+ 46. Qxe1 Qf5 $18) 45... Kg8 46. Nxb6 $18) 44. Qb4 (44. Qc7 $18 {White wants to mate with Qf7+.} R6e7 45. Qc2 (45. Qc3 Rf8 $18)) 44... Rb8 $11 45. Rc1 Rxe5 $40 {[%emt 0:02:57][%mdl 128] White needs to defend precisely.} 46. Nxe5 Qxe5 47. Rc7 {[%emt 0:01:27] Threatening mate with Qc4+.} Rd8 $2 (47... Qg5+ $11 48. Kh1 Qd5+ 49. Kg1 Qg5+ 50. Kf1 Qd5) 48. Qc4+ $18 Kh8 49. Rc8 Qg5+ {[%emt 0:00:33] [#]} 50. Kf1 $4 (50. Kh2 $1 {mates} Qf6 51. Qc3 (51. Rxd8+ Qxd8 52. Kg2 Qg5+ 53. Kf1 Qxh6 $18) 51... Rg8 52. Qxf6+ Nxf6 53. b7 Nd7 54. Kg3 g5 55. Kg4) 50... Ng3+ $1 $19 51. Kg2 $2 (51. fxg3 $2 {perishes.} Qf5+ 52. Kg2 Qxc8 $19) (51. Kg1 $19 Ne4+ 52. Kf1 Nd2+ 53. Ke2 Qe7+ (53... Nxc4 54. Rxd8+ Qxd8 55. b7 Qd2+ 56. Kf3 Qd5+ 57. Kf4 Qxb7 58. a4 Qe7 59. Kg3 Nd2 60. Kh3 Qa3+ 61. Kh2 Qf3 62. a5 Qxf2+ 63. Kh3 Ne4 64. Kg4 Qg3#) 54. Kd1 Nxc4+ 55. Rxd8+ Qxd8+ 56. Ke2 Qd2+ (56... Qxb6 {gets mated.} 57. Kd3 Nxa3 58. Ke4 Qxf2 59. Kd3 Qf4 60. Kc3 Qd6 61. Kb3 Qc5 62. Kb2 Qe3 63. Ka2 Nc4 64. Kb1 Qc3 65. Ka2 Qb2#) (56... Nxb6 {is a self mate.} 57. Ke3 Qe7+ 58. Kd4 Qxa3 59. Ke4 Qc3 60. f3 Kg8 61. f4 Kf8 62. f5 g5 63. f6 Kf7 64. Kf5 Nd5 65. Kxg5 Qg3+ 66. Kh5 Nxf6#) 57. Kf3 Qd5+ (57... Nxb6 58. Ke4 Qd5+ 59. Ke3 Nc4+ 60. Ke2 Qe4+ 61. Kd1 Nxa3 62. f4 Nc4 63. f5 gxf5 64. Kc1 Qe2 65. Kb1 Qb2#) 58. Kf4 Qf5+ (58... Nxb6 59. Ke3 Nc4+ 60. Ke2 Ne5 61. f4 Qd3+ 62. Ke1 Nf3+ 63. Kf2 Nd2 64. Ke1 Ne4 65. a4 Qe3+ 66. Kf1 Qf2#) 59. Kg3 Nd2 (59... Nxb6 60. Kg2 Nd5 61. Kg3 Qf4+ 62. Kg2 Qg4+ 63. Kf1 Nf4 64. f3 Qxf3+ 65. Kg1 Qg2#) 60. f4 Qd3+ (60... Ne4+ 61. Kf3 Nc5 62. b7 Qd3+ 63. Kg2 Nxb7 64. Kh1 Nc5 65. f5 Qxf5 66. Kh2 Ne4 67. Kh1 Qf2 68. a4 Ng3#) 61. Kh2 Ne4 (61... Qxa3 62. b7 Qb3 63. Kg1 Qxb7 64. f5 Qf3 65. fxg6 Ne4 66. g7+ Kg8 67. Kh2 Qg3+ 68. Kh1 Nf2#) (61... Qe2+ 62. Kh3 Nf1 63. b7 Qh2+ 64. Kg4 Qh5#) 62. Kh1 Qg3 63. b7 Nf2#) 51... Ne4+ 52. Kh2 Qh4+ {[%emt 0:00:08] Weighted Error Value: White=0.53/Black=0.48.  Loses game:     	---       	Black=2      Missed win:     	White=1     	---        Mistake:       	White=5     	Black=5      Inaccurate:     	White=3     	Black=5      OK:         	White=13    	Black=14     Best:        	White=4     	Black=8      Strong:       	White=1     	---        Brilliant:      	White=2     	---} 0-1

[Event "Arona Festival 2024"]
[Site "Arona Tenerife"]
[Date "2024.06.28"]
[Round "8.5"]
[White "Peralta, Fernando"]
[Black "Bilguun, Sumiya"]
[Result "1/2-1/2"]
[ECO "D31"]
[WhiteElo "2562"]
[BlackElo "2466"]
[Annotator "TA"]
[PlyCount "129"]
[EventDate "2024.06.20"]
[EventType "swiss"]
[EventCountry "ESP"]
[SourceTitle "playchess.com"]
[Source "ChessBase"]
[SourceQuality "1"]
[TimeControl "5400+30"]

1. d4 d5 2. c4 e6 3. Nc3 Be7 4. cxd5 exd5 5. Bf4 c6 6. e3 Bf5 7. g4 Be6 {[%emt 0:05:11] [#]} 8. h4 $1 Nh6 (8... Bxh4 9. Qb3) 9. g5 Nf5 10. Bd3 Nd7 {[%emt 0:01:14] White is slightly better.} 11. Nf3 g6 12. h5 Rg8 13. Qe2 Nb6 14. O-O-O Bd6 15. Ne5 Qe7 16. hxg6 hxg6 17. Rh7 O-O-O 18. Qc2 Bxe5 19. Bxe5 Nd7 {[%emt 0:00:53][%cal Bb6d7,Bd7f8,Bf8e6][%mdl 32] Black is weak on the dark squares} 20. Bf4 Nf8 21. Rhh1 Nd6 22. Qa4 Kb8 23. Qa3 {[%emt 0:00:58] White has more active pieces. The black rooks are passive.} Bg4 24. Rdg1 Bf5 25. Be2 Ne6 26. Be5 {[%emt 0:00:10] Against Nxf4} Qf8 27. f3 {[%emt 0:00:50] Threatens to win with e4.} Nc7 {[%emt 0:00:21] [#]} 28. e4 dxe4 $11 29. fxe4 (29. Nxe4 {simplifies} Nxe4 30. fxe4 Qxa3 31. bxa3 Bxe4 32. Rh7) 29... Nxe4 {[%emt 0:00:09] And now ...Qxa3 would win.} 30. Bxc7+ Kxc7 31. Qa5+ Kc8 (31... Kb8 $6 32. Nxe4 Qe7 33. Ng3 $16) 32. Nxe4 $1 Bxe4 33. Bg4+ Bf5 $1 34. Bxf5+ gxf5 35. Qxf5+ Kb8 36. Rh7 Qe7 {[%emt 0:01:12] ...Qe3+ would now be deadly.} 37. Qf4+ (37. Qe5+ {simplifies} Qxe5 38. dxe5 Rdf8 39. Kd2) 37... Ka8 38. Rxf7 (38. Qxf7 Qe3+ 39. Kc2 Rb8 $15 (39... Qe4+ 40. Kc1 $17)) 38... Qb4 (38... Qe2 $1 $11 {keeps the balance.}) 39. a3 $1 $16 Qc4+ 40. Kb1 {[%emt 0:00:02] Black must now prevent g6.} a6 41. Qf2 (41. Ka1 $1 $16) 41... Rde8 $1 $11 42. Ka1 Qd3 $2 (42... Rxg5 $11 {and Black has nothing to worry.} 43. Rxg5 Qc1+ 44. Ka2 Qxg5) 43. Rf3 $2 (43. d5 $1 $18 {[%cal Rd5c6] aiming for dxc6.} cxd5 44. Qb6) 43... Qe4 (43... Qc4 $14) 44. Rf4 Qd3 45. Rf3 (45. Qf1 $142 Qd2 46. Rfg4) 45... Qe4 $16 46. Rf6 Re6 $2 (46... Rg6 $16 {is tougher.} 47. Rxg6 Qxg6) 47. Rf8+ $2 (47. g6 $18 {and the rest is easy.}) 47... Re8 (47... Rxf8 $16 48. Qxf8+ Re8) 48. Rxg8 $1 $18 Rxg8 {[%emt 0:00:04][%mdl 4096] Endgame. [#] KQR-KQR} 49. Qf7 {[%emt 0:00:26] Prevents Qe6} Rd8 (49... Qg6 50. Qxg6 Rxg6) 50. g6 Qxd4 {[%emt 0:00:01] [#]} 51. Rf1 (51. Rg3 $1 $18 {Strongly threatening g7.} Qd5 52. Qxd5 cxd5 53. b4) 51... Rd7 $14 52. Qe6 (52. Qb3 $14 Rd5 53. Qg3) 52... Ka7 53. Ka2 ({White should try} 53. Qb3 $14) 53... Rd6 $15 54. Qf7 {[%emt 0:00:31] [#]} Rxg6 55. Qf2 (55. Rf4 Qd6) 55... c5 (55... Rd6 $15) 56. Qxd4 $11 {[%emt 0:00:25] The position is equal.} cxd4 {[%emt 0:00:01] KR-KR} 57. Kb3 b5 58. a4 Kb6 59. axb5 axb5 60. Kb4 Rc6 61. b3 Rd6 62. Rf5 d3 63. Rxb5+ Kc6 (63... Kc7 $5 64. Rc5+ $8 Rc6 $11) 64. Rc5+ Kb6 {[%emt 0:00:10] ( -> ...d2)} 65. Rb5+ {[%emt 0:02:03] White really could win this.   Weighted Error Value: White=0.28 (precise) /Black=0.29 (precise) .  Loses game:     	---       	Black=2      Missed win:     	White=3     	---        Mistake:       	White=5     	Black=5      Inaccurate:     	White=1     	Black=4      OK:         	White=25    	Black=15     Best:        	White=6     	Black=7      Strong:       	White=3     	Black=2      Brilliant:      	---       	Black=1} 1/2-1/2

[Event "Arona Festival 2024"]
[Site "Arona Tenerife"]
[Date "2024.06.28"]
[Round "8.6"]
[White "Samant Aditya S"]
[Black "Socko, Bartosz"]
[Result "1/2-1/2"]
[ECO "C42"]
[WhiteElo "2469"]
[BlackElo "2556"]
[Annotator "TA"]
[PlyCount "102"]
[EventDate "2024.06.20"]
[EventType "swiss"]
[EventCountry "ESP"]
[SourceTitle "playchess.com"]
[Source "ChessBase"]
[SourceQuality "1"]
[TimeControl "5400+30"]

1. e4 e5 2. Nf3 Nf6 3. Nxe5 d6 4. Nf3 Nxe4 5. d4 d5 6. Bd3 Bf5 7. O-O Be7 8. Re1 O-O 9. Nbd2 {[%emt 0:00:10] C42: Petroff Defence: 3 Nxe5 and unusual White 3rd moves.} Nd6 10. Nf1 Nd7 11. Ng3 Bxd3 12. Qxd3 Re8 13. Bf4 Bf8 $146 ({Predecessor:} 13... c6 14. Re2 Bf8 15. Rxe8 Nxe8 16. Nf5 Nef6 17. Ne5 Ne4 18. f3 Nxe5 19. Bxe5 Ng5 {½-½ Navara,D (2737)-Grischuk,A (2783) FIDE World Cup 2017 (3.2)}) 14. Rxe8 Nxe8 15. Re1 c6 16. b3 Ndf6 17. c4 dxc4 18. bxc4 Qa5 19. Re2 Rd8 20. Qb3 Qb4 21. Bd2 Qxb3 22. axb3 h6 23. Bc3 g6 24. Kf1 Bg7 25. Ra2 a6 26. Ba5 Rc8 27. Ke2 Nc7 28. Bxc7 Rxc7 29. Kd3 Re7 30. h3 Kf8 31. Re2 Rxe2 32. Nxe2 Ke7 33. Nc3 Nd7 34. b4 Ke6 35. c5 Nf6 36. Nd2 Nd5 37. Nxd5 $1 cxd5 38. Nb1 Kd7 39. Na3 Kc6 40. Kc3 h5 41. Nc2 Bh6 42. Ne1 Bf4 43. Nd3 Bc7 44. g4 hxg4 45. hxg4 g5 46. Kb3 Kb5 47. Ne1 Bf4 48. Nc2 Bc1 49. Ne1 Bd2 50. Nc2 Bc1 51. Ne1 Bd2 1/2-1/2

[Event "Arona Festival 2024"]
[Site "Arona Tenerife"]
[Date "2024.06.28"]
[Round "8.7"]
[White "Sankalp Gupta"]
[Black "Paichadze, Luka"]
[Result "1/2-1/2"]
[ECO "B12"]
[WhiteElo "2552"]
[BlackElo "2504"]
[Annotator "TA"]
[PlyCount "95"]
[EventDate "2024.06.20"]
[EventType "swiss"]
[EventCountry "ESP"]
[SourceTitle "playchess.com"]
[Source "ChessBase"]
[SourceQuality "1"]
[TimeControl "5400+30"]

1. e4 c6 2. d4 d5 3. e5 c5 4. Nf3 Bg4 5. dxc5 e6 6. Bb5+ Nd7 {[%emt 0:01:27] Black is weak on the dark squares} 7. b4 Ne7 8. Bb2 {[%emt 0:00:37] White is more active.} a5 9. a3 axb4 10. axb4 {[%emt 0:00:45] And now Rxa8 would win.} Rxa1 11. Bxa1 Nc6 12. Bc3 (12. Bxc6 $16 bxc6 13. O-O) 12... g5 (12... Bxf3 $14 13. Qxf3 Qc7) 13. Nbd2 Bg7 14. Qa1 O-O 15. O-O Bh5 16. Bxc6 bxc6 17. Qa4 (17. Re1 $16) 17... Qa8 (17... g4 $1 $11 18. Nd4 Nxe5) 18. Qxa8 Rxa8 19. h3 $1 (19. Nxg5 Ra2 20. Rc1 Bxe5 21. Bxe5 Nxe5 $17) 19... Bg6 20. Nxg5 Nxe5 21. f4 Nc4 22. Bxg7 Nxd2 23. Ra1 Rxa1+ 24. Bxa1 $11 {[%emt 0:00:03][%cal Ob4b5][%mdl 4096] Endgame. KBN-KBN} Kf8 25. Kf2 Bxc2 26. Ke2 Nc4 27. Bf6 Ke8 28. g4 Bg6 29. Nf3 Be4 30. Nd4 Kd7 31. Kf2 Na3 32. Kg3 Nc2 33. Nxc2 Bxc2 {[%emt 0:00:01] KB-KB} 34. Kh4 Bd3 (34... Ke8 $1 $11) 35. Kg5 (35. Kh5 $16) 35... Ke8 $1 36. Be5 Kf8 37. Kf6 Kg8 38. g5 Kf8 39. h4 Kg8 40. Bd6 Bc4 41. Be5 Bd3 42. h5 Kf8 43. Bd4 Kg8 44. Ke7 {[%emt 0:00:06] White is slightly better.} Bb5 45. Kd7 Ba4 46. Kd6 Bb5 47. Ke7 Bd3 48. Kd6 {[%emt 0:07:03] Weighted Error Value: White=0.16 (very precise) /Black=0.15 (very precise) .  Mistake:       	White=4     	Black=3      Inaccurate:     	White=7     	Black=7      OK:         	White=11    	Black=17     Best:        	White=2     	Black=1      Strong:       	White=1     	Black=1} ({White should play} 48. Bf6 $14) 1/2-1/2